 Dungeon Crawl Stone Soup version 0.30-a0-1163-gf69bf04e7a (webtiles) character file.

Game seed: 8669158815896057199

136103 larpak the Severer (level 16, -4/151 HPs)
             Began as a Minotaur Fighter on Apr 28, 2023.
             Was the Champion of Okawaru.
             Incinerated by a sun moth (11 damage)
             ... on level 2 of the Spider Nest.
             The game lasted 00:40:03 (21525 turns).

larpak the Severer (Minotaur Fighter)              Turns: 21525, Time: 00:40:04

Health: -4/151     AC: 36    Str: 28    XL:     16   Next: 66%
Magic:  0/15       EV: 14    Int:  5    God:    Okawaru [******]
Gold:   2612       SH: 10    Dex: 11    Spells: 15/15 levels left

rFire   . . .        u - +5 war axe (venom)
rCold   + . .        D - +2 buckler
rNeg    . . .        t - +4 chain mail of the Valley {*Slow rElec Regen+}
rPois   .            c - +2 hat of the Bear Spirit {Spirit, Bear, *Rage Will++}
rElec   +            p - +2 cloak
rCorr   .            A - +0 pair of gloves
SInv    .            I - +2 pair of boots "Pakump" {rC++}
Will    +++..        (no amulet) Stlth
                     o - +4 ring of protection
HPRegen 1.25/turn    v - +4 ring of protection
MPRegen 0.14/turn

%: random rage (20%), slow self (1%), guardian spirit
@: lethally poisoned (-4 -> -6), on fire, on berserk cooldown, slowed, glowing,
very slow
A: horns 2, retaliatory headbutt, claws 1, evolution 1, cold vulnerability 1
a: Renounce Religion, Heroism, Finesse, Duel


You were on level 2 of the Spider Nest.
You worshipped Okawaru.
Okawaru was exalted by your worship.
You visited 5 branches of the dungeon, and saw 25 of its levels.

You collected 3258 gold pieces.
You spent 646 gold pieces at shops.

Inventory:

Hand Weapons
 u - a +5 war axe of venom (weapon)
 L - a +0 broad axe
Armour
 c - the +2 hat of the Bear Spirit (worn) {Spirit, Bear, *Rage Will++}
   (Okawaru gifted it to you on level 5 of the Lair of Beasts)

   Bear:      Going berserk makes the wearer exceptionally tough, and they are
   slowed for a shorter time afterward.
   *Rage:     It berserks you when you make melee attacks (+20% chance).
   Will:      It greatly increases your willpower.
 p - a +2 cloak (worn)
 t - the +4 chain mail of the Valley (worn) {*Slow rElec Regen+}
   (You found it on level 6 of the Dungeon)

   rElec:     It insulates you from electricity.
   Regen:     It increases your rate of health regeneration.
   *Slow:     It may slow you when you take damage.
 w - a +2 hat
 A - a +0 pair of gloves (worn)
 D - a +2 buckler (worn)
 F - the +0 scale mail of Emafim {Fly rF+ rN+}
   (You found it on level 1 of the Lair of Beasts)

   rF:        It protects you from fire.
   rN:        It protects you from negative energy.
   Fly:       It grants you flight.
 I - the +2 pair of boots "Pakump" (worn) {rC++}
   (Okawaru gifted it to you on level 3 of the Lair of Beasts)

   rC:        It greatly protects you from cold.
 K - the +0 scale mail of Articulation {rPois rF+}
   (Okawaru gifted it to you on level 15 of the Dungeon)

   rF:        It protects you from fire.
   rPois:     It protects you from poison.
Jewellery
 n - a +6 ring of intelligence
 o - a +4 ring of protection (left hand)
 v - a +4 ring of protection (right hand)
Wands
 f - a wand of digging (7)
 m - a wand of roots (25)
 x - a wand of quicksilver (6)
 G - a wand of flame (16)
 H - a wand of polymorph (7)
Scrolls
 e - 4 scrolls of blinking
 g - 3 scrolls of fear
 i - 2 scrolls of magic mapping
 l - 5 scrolls of identify
 s - 9 scrolls of teleportation
 y - 2 scrolls of silence
 z - 4 scrolls of immolation
Potions
 b - 3 potions of resistance
 d - 2 potions of flight
 h - a potion of lignification
 j - 2 potions of cancellation
 k - 2 potions of might
 q - 5 potions of haste
 r - 2 potions of ambrosia
 B - 8 potions of curing
 C - a potion of berserk rage
 E - 4 potions of magic
 J - 2 potions of heal wounds


   Skills:
 + Level 16.0 Fighting
 + Level 17.2 Axes
 + Level 15.9 Armour
 + Level 14.3 Dodging
 + Level 15.9 Shields


You had 15 spell levels left.
You didn't know any spells.
Your spell library contained the following spells:

 Spells                   Type           Power      Damage    Failure   Level
 Beastly Appendage        Tmut           0%         N/A       86%         1
 Magic Dart               Conj           0%         1d3       86%         1
 Shock                    Conj/Air       0%         1d3       86%         1
 Sting                    Tmut/Pois      0%         1d3       86%         1
 Passwall                 Tmut/Erth      0%         N/A       94%         2
 Poisonous Vapours        Pois/Air       0%         N/A       94%         2
 Static Discharge         Conj/Air       0%         2-2/arc   94%         2
 Wereblood                Tmut           0%         N/A       94%         2
 Mephitic Cloud           Conj/Pois/Air  0%         N/A       99%         3
 Portal Projectile        Hex/Tloc       0%         N/A       99%         3
 Spider Form              Tmut/Pois      0%         N/A       99%         3
 Swiftness                Air            0%         N/A       99%         3
 Airstrike                Air            0%         2d(0-16)  100%        4
 Ice Form                 Ice/Tmut       0%         N/A       100%        4
 Leda's Liquefaction      Hex/Erth       0%         N/A       100%        4
 Olgreb's Toxic Radiance  Pois           0%         N/A       100%        4
 Iskenderun's Battlesphe  Conj           0%         2d6       100%        5
 Eringya's Noxious Bog    Tmut/Pois      0%         N/A       100%        6
 Lehudib's Crystal Spear  Conj/Erth      0%         10d2      100%        8
 Shatter                  Erth           0%         3d5*      100%        9
 Summon Small Mammal      Summ           Unusable   N/A       N/A         1
 Call Imp                 Summ           Unusable   N/A       N/A         2
 Call Canine Familiar     Summ           Unusable   N/A       N/A         3
 Summon Guardian Golem    Hex/Summ       Unusable   N/A       N/A         3
 Summon Lightning Spire   Summ/Air       Unusable   N/A       N/A         4

Dungeon Overview and Level Annotations

Branches:
Dungeon (15/15)            Temple (1/1) D:7            Lair (5/5) D:8
  Swamp (0/4) Lair:3       Spider (2/4) Lair:3        Slime (0/5) Lair:4
    Orc (2/2) D:10            Elf (0/3) Orc:2        Vaults (0/5) D:14
 Depths (0/4) D:15

Altars:
Ashenzari
Cheibriados
Dithmenos
Elyvilon
Fedhas
Gozag
Hepliaklqana
Kikubaaqudgha
Makhleb
Nemelex Xobeh
Okawaru
Qazlal
Ru
Sif Muna
Trog
Uskayaw
Vehumet
Wu Jian
Xom
Yredelemnul
Zin
The Shining One
Jiyva

Shops:
D:10 ?[   Orc:2 ?!=


Innate Abilities, Weirdness & Mutations

You have a pair of horns on your head.
You reflexively headbutt those who attack you in melee.
You have sharp fingernails.
You have hidden genetic potential.
You are vulnerable to cold. (rC-)


Message History

The tarantella looks as sick as possible!
You are covered in liquid flames!
You feel extremely sick.
You kill the tarantella!
Okawaru accepts your kill.
The redback bites you but does no damage.
The sun moth bites you but does no damage.
You block the redback's attack.
You barely miss the sun moth.
The sun moth is almost dead.
You slash the redback!
You kill the redback!
Okawaru accepts your kill.
You are covered in liquid flames!
* * * LOW HITPOINT WARNING * * *
You feel very sick. The sun moth bites you!
* * * LOW HITPOINT WARNING * * *
The sun moth bites you!
* * * LOW HITPOINT WARNING * * *
You feel as though you will be slow longer.
You are covered in liquid flames.
You are covered in liquid flames!
You slash the sun moth!
You kill the sun moth!
Okawaru accepts your kill.
You are covered in liquid flames!
* * * LOW HITPOINT WARNING * * *
You feel very sick.
Unknown command.
Found 2 potions of lignification.
You are covered in liquid flames!
* * * LOW HITPOINT WARNING * * *
You feel very sick.
The orb spider weaves a glowing orb of energy.
An orb of destruction comes into view.
You see here a sun moth corpse.
Found a stone.
Found a stone staircase leading down.
You are covered in liquid flames!
You die...

.. .. ..# .. .#..
####.##.. ....!
##..!.#^.. #.....
.....##......... .....
.........*s....# ..#..
#..........#.# ^...#
##.##@.......#####....
#(...††.#......##.....
#!...#†.†.##.....#.....#
...( #......#....#..<...
... #.....#....^#.....^
.> ##..^(#.....##..... .
....^..#.......##....
#...........#.........
#.......#...#........#


You could see an orb spider.

Vanquished Creatures
  Gastronok (Lair:1)
  A sphinx (D:15)
  A storm dragon (D:15)
  An ettin (Orc:2)
  A fire dragon (Lair:5)
  A yaktaur captain (D:15)
  2 vault guards (D:14)
  6 hydras
  Fannar (Orc:1)
  A centaur warrior (D:14)
  2 ogre magi (Orc:2)
  A radroach (Spider:1)
  4 catoblepae
  A jorogumo (Spider:1)
  9 two-headed ogres
  6 boulder beetles
  5 death yaks (Lair:5)
  Sonja (Lair:3)
  A skyshark (Lair:5)
  Amaemon (Lair:3)
  A sun moth (Spider:2)
  3 pharaoh ants
  2 orb spiders (Spider:1)
  2 bog bodies (Lair:3)
  2 deep trolls (Orc:2)
  4 wizards
  A lindwurm (Lair:5)
  2 deep elf pyromancers
  2 steelbarb worms (Spider:1)
  A deep elf zephyrmancer (D:15)
  2 necromancers
  4 wolf spiders
  5 ugly things
  3 manticores
  7 cyclopes
  11 elephants
  2 demonic crawlers (Spider:1)
  Maurice (D:8)
  A black mamba (shapeshifter) (D:15)
  2 black mambas
  2 torpor snails
  3 molten gargoyles (Lair:5)
  2 gargoyles
  An orange demon (Lair:3)
  Maggie (D:7)
  2 unseen horrors
  12 cane toads
  3 kobold demonologists (D:13)
  A yaktaur (D:14)
  11 komodo dragons
  A tengu conjurer (D:13)
  A rime drake (Lair:3)
  11 trolls
  3 meliai (D:15)
  2 polar bears
  A hornet (D:8)
  7 tarantellas
  24 blink frogs
  11 dream sheep
  6 jumping spiders
  18 slime creatures
  Sigmund (D:2)
  9 culicivoras
  A vampire (D:10)
  2 shadows
  2 wraiths (D:11)
  4 wyverns
  4 basilisks
  54 yaks
  18 humans (D:14)
  19 redbacks
  5 steam dragons
  A swamp worm (Lair:3)
  A warg (Orc:1)
  6 acid dragons
  3 sky beasts (D:12)
  7 water moccasins
  4 hell hounds (Lair:5)
  3 black bears
  18 orc warriors
  3 ice beasts
  23 ogres
  6 centaurs
  A phantom (D:4)
  2 kobold brigands (D:8)
  4 bullfrogs
  4 scorpions
  2 gnoll sergeants
  12 wights
  3 killer bees (D:9)
  6 electric eels
  6 howler monkeys
  2 vampire bats (Orc:1)
  5 lava snakes (Lair:5)
  5 centaur zombies
  3 hounds
  26 orc priests
  2 centaur skeletons
  Crazy Yiuf (D:7)
  A gnoll bouda (D:7)
  4 iguanas
  28 orc wizards
  4 hound zombies (D:4)
  A hound skeleton (D:4)
  4 adders
  19 gnolls
  A howler monkey skeleton (D:4)
  3 white imps (D:7)
  2 ufetubi
  6 adder zombies (D:4)
  3 adder skeletons (D:4)
  2 dart slugs
  68 orcs
  3 ball pythons
  7 endoplasms
  4 giant cockroaches
  6 goblins
  13 hobgoblins
  16 jackals
  3 quokkas
  17 bats
  3 frilled lizards
  21 kobolds
  4 rats
749 creatures vanquished.

Vanquished Creatures (others)
  2 wizards (D:15)
  A slime creature (D:13)
  2 orcs (D:7)
  11 fungi
  31 plants
  2 withered plants (D:4)
49 creatures vanquished.

Grand Total: 798 creatures vanquished

Notes
Turn   | Place    | Note
-------+----------+-------------------------------------------
     0 | D:1      | larpak the Minotaur Fighter began the quest for the Orb.
     0 | D:1      | Reached XP level 1. HP: 19/19 MP: 0/0
   102 | D:1      | Reached XP level 2. HP: 14/27 MP: 1/1
   225 | D:1      | Reached skill level 1 in Dodging
   340 | D:1      | Reached XP level 3. HP: 33/33 MP: 2/2
   793 | D:2      | Reached skill level 3 in Axes
   881 | D:2      | Identified a scroll of acquirement
   881 | D:2      | Acquired 632 gold pieces
  1077 | D:2      | Noticed Sigmund
  1086 | D:2      | Killed Sigmund
  1087 | D:2      | Reached XP level 4. HP: 36/41 MP: 3/3
  1087 | D:2      | Reached XP level 5. HP: 41/47 MP: 4/4
  1702 | D:2      | Reached XP level 6. HP: 54/55 MP: 5/5
  1704 | D:2      | Reached skill level 4 in Axes
  1813 | D:3      | Found an ornate altar of the Wu Jian Council.
  1828 | D:3      | Found a blossoming altar of Fedhas.
  1847 | D:3      | Found an opulent altar of Gozag.
  1851 | D:3      | Found a white marble altar of Elyvilon.
  1863 | D:3      | Reached skill level 5 in Fighting
  2142 | D:3      | Reached skill level 5 in Shields
  2291 | D:4      | Reached skill level 5 in Armour
  2500 | D:4      | Reached XP level 7. HP: 38/61 MP: 6/6
  2884 | D:5      | Entered Level 5 of the Dungeon
  3051 | D:5      | Reached skill level 5 in Axes
  3104 | D:5      | Found a glowing silver altar of Zin.
  3113 | D:5      | Found a hide-covered altar of Uskayaw.
  3682 | D:5      | Reached XP level 8. HP: 68/70 MP: 7/7
  3832 | D:6      | Reached skill level 6 in Axes
  4083 | D:6      | Reached skill level 5 in Dodging
  4782 | D:6      | Reached XP level 9. HP: 70/79 MP: 8/8
  4789 | D:6      | Identified the +4 chain mail of the Valley {*Slow rElec
                  | Regen+}
  5016 | D:7      | Found a snail-covered altar of Cheibriados.
  5046 | D:7      | Reached skill level 7 in Axes
  5128 | D:7      | Found a runed translucent door.
  5129 | D:7      | Noticed Crazy Yiuf
  5137 | D:7      | Killed Crazy Yiuf
  5183 | D:7      | Found a staircase to the Ecumenical Temple.
  5199 | Temple   | Entered the Ecumenical Temple
  5220 | Temple   | Became a worshipper of Warmaster Okawaru
  5255 | D:7      | Noticed Maggie
  5281 | D:7      | Killed Maggie
  5310 | D:7      | Reached * piety under Okawaru
  5972 | D:8      | Noticed a cyclops
  6141 | D:8      | Killed a cyclops
  6171 | D:8      | Reached skill level 8 in Axes
  6200 | D:8      | Identified the +8 sling "Mygeul" {antimagic, Str+8 Int+4
                  | SInv}
  6407 | D:8      | Noticed Maurice
  6443 | D:8      | Killed Maurice
  6443 | D:8      | Reached ** piety under Okawaru
  6444 | D:8      | Reached XP level 10. HP: 83/90 MP: 9/9
  6488 | D:8      | Found a sacrificial altar of Ru.
  6704 | D:8      | Found a staircase to the Lair.
  6757 | D:9      | Noticed a two-headed ogre
  6768 | D:9      | Killed a two-headed ogre
  6924 | D:9      | Reached *** piety under Okawaru
  7162 | D:9      | Reached skill level 9 in Axes
  7186 | D:9      | Identified the +0 plate armour of the Valley {Int+4}
  7316 | D:9      | Found a hazy altar of Hepliaklqana.
  7317 | D:9      | Found a shimmering altar of Xom.
  7318 | D:9      | Noticed a two-headed ogre
  7508 | D:9      | Reached **** piety under Okawaru
  7816 | D:10     | Entered Level 10 of the Dungeon
  7834 | D:10     | Found Laz Meatt's Magic Scroll Shoppe.
  7841 | D:10     | Bought a scroll of identify for 26 gold pieces
  7841 | D:10     | Bought a scroll of identify for 26 gold pieces
  7841 | D:10     | Bought a scroll of fear for 52 gold pieces
  7841 | D:10     | Bought a scroll of identify for 26 gold pieces
  7841 | D:10     | Bought a scroll of identify for 26 gold pieces
  7841 | D:10     | Bought a scroll of teleportation for 39 gold pieces
  7920 | D:10     | Found a staircase to the Orcish Mines.
  7940 | D:10     | Found Houxzimi's Armour Boutique.
  7973 | D:10     | Received a gift from Okawaru
  7974 | D:10     | Reached XP level 11. HP: 62/99 MP: 10/10
  7977 | D:10     | Reached skill level 10 in Fighting
  7979 | D:10     | Reached skill level 10 in Shields
  8091 | D:10     | Reached skill level 10 in Armour
  8877 | D:10     | Reached ***** piety under Okawaru
  8878 | D:10     | Reached skill level 10 in Axes
  9291 | D:11     | Noticed a two-headed ogre
  9301 | D:11     | Killed a two-headed ogre
  9892 | D:12     | Noticed a red ugly thing
  9902 | D:12     | Killed a red ugly thing
  9977 | D:12     | Noticed a boulder beetle
  9986 | D:12     | Killed a boulder beetle
 10071 | D:12     | Noticed a green ugly thing
 10136 | D:12     | Killed a green ugly thing
 10333 | D:12     | Found a transporter.
 10335 | D:12     | Found a transporter.
 10336 | D:12     | Noticed a boulder beetle
 10336 | D:12     | Noticed a boulder beetle
 10336 | D:12     | Noticed a boulder beetle
 10354 | D:12     | Killed a boulder beetle
 10363 | D:12     | Killed a boulder beetle
 10363 | D:12     | Received a gift from Okawaru
 10364 | D:12     | Reached skill level 11 in Axes
 10364 | D:12     | Reached XP level 12. HP: 84/110 MP: 11/11
 10367 | D:12     | Killed a boulder beetle
 10907 | D:13     | Noticed a boulder beetle
 10923 | D:13     | Killed a boulder beetle
 10924 | D:13     | Reached skill level 10 in Dodging
 11113 | D:13     | Noticed a catoblepas
 11126 | D:13     | Killed a catoblepas
 11437 | D:13     | Reached ****** piety under Okawaru
 11887 | D:14     | Noticed a centaur warrior
 11899 | D:14     | Killed a centaur warrior
 11934 | D:14     | Reached skill level 12 in Axes
 11934 | D:14     | Received a gift from Okawaru
 12181 | D:14     | Reached XP level 13. HP: 119/119 MP: 12/12
 12206 | D:14     | Found a gate to the Vaults.
 12882 | Lair:1   | Entered Level 1 of the Lair of Beasts
 13064 | Lair:1   | Noticed Gastronok
 13074 | Lair:1   | Killed Gastronok
 13201 | Lair:1   | Identified the +0 scale mail of Emafim {Fly rF+ rN+}
 13832 | Lair:2   | Identified the +6 battleaxe of Bufuow {drain, rF+ MP+9}
 14028 | Lair:2   | Reached skill level 13 in Axes
 14154 | Lair:2   | Got Uroenk's Disquisition on Xenomorphic Minerals
 14441 | Lair:3   | Identified the +2 pair of boots "Pakump" {rC++} (Okawaru
                  | gifted it to you on level 3 of the Lair of Beasts)
 14441 | Lair:3   | Received a gift from Okawaru
 14576 | Lair:3   | Noticed Sonja
 14588 | Lair:3   | Killed Sonja
 14667 | Lair:3   | Noticed Amaemon
 14675 | Lair:3   | Killed Amaemon
 14730 | Lair:3   | Found a hole to the Spider Nest.
 14862 | Lair:3   | Found a staircase to the Swamp.
 14967 | Lair:3   | Got the Grimoire of Shifting Confrontation
 15174 | Lair:4   | Reached XP level 14. HP: 130/130 MP: 13/13
 15407 | Lair:4   | Reached skill level 15 in Axes
 15407 | Lair:4   | Reached XP level 15. HP: 40/137 MP: 12/14
 15656 | Lair:4   | Found a viscous altar of Jiyva.
 15657 | Lair:4   | Found a staircase to the Slime Pits.
 16132 | Lair:5   | Entered Level 5 of the Lair of Beasts
 16148 | Lair:5   | Received a gift from Okawaru
 16148 | Lair:5   | Found the +2 hat of the Bear Spirit {Spirit, Bear, *Rage
                  | Will++}
 16963 | Lair:5   | Reached skill level 16 in Axes
 17465 | Lair:5   | Found an opulent altar of Gozag.
 17594 | Lair:5   | Found a large runed translucent door.
 17594 | Lair:5   | Found a large runed translucent door.
 18063 | Orc:1    | Entered Level 1 of the Orcish Mines
 18246 | Orc:1    | You fall into a shaft and drop 1 floor!
 18246 | Orc:2    | Entered Level 2 of the Orcish Mines
 18272 | Orc:2    | Received a gift from Okawaru
 18285 | Orc:2    | Reached skill level 15 in Fighting
 18317 | Orc:2    | Found Zuoph's Magic Scroll Shop.
 18318 | Orc:2    | Found Juom's Distillery.
 18325 | Orc:2    | Reached skill level 15 in Armour
 18325 | Orc:2    | Reached skill level 15 in Shields
 18334 | Orc:2    | Reached XP level 16. HP: 79/149 MP: 7/15
 18761 | Orc:2    | Found Nuif's Jewellery Shop.
 18764 | Orc:2    | Found Fixijit's Distillery.
 18811 | Orc:2    | Found a staircase to the Elven Halls.
 18861 | Orc:2    | Bought a potion of might for 44 gold pieces
 18861 | Orc:2    | Bought a potion of ambrosia for 88 gold pieces
 18861 | Orc:2    | Bought a potion of flight for 33 gold pieces
 18861 | Orc:2    | Bought a potion of curing for 33 gold pieces
 18861 | Orc:2    | Bought a potion of haste for 110 gold pieces
 18861 | Orc:2    | Bought a potion of mutation for 88 gold pieces
 18861 | Orc:2    | Bought a potion of heal wounds for 55 gold pieces
 18861 | Orc:2    | Gained mutation: You have large cloven feet. [potion of
                  | mutation]
 18861 | Orc:2    | Gained mutation: You are vulnerable to cold. (rC-) [potion
                  | of mutation]
 18861 | Orc:2    | Gained mutation: You are partially covered in iridescent
                  | scales. (AC +2) [potion of mutation]
 19097 | Orc:1    | Noticed Fannar
 19111 | Orc:1    | Killed Fannar
 19378 | D:15     | Entered Level 15 of the Dungeon
 19395 | D:15     | Identified the +3 ring mail of Ossasota {rElec rN+ Dex-4}
 19402 | D:15     | Lost mutation: You have large cloven feet. [potion of
                  | mutation]
 19402 | D:15     | Lost mutation: You are partially covered in iridescent
                  | scales. (AC +2) [potion of mutation]
 19402 | D:15     | Gained mutation: You have sharp fingernails. [potion of
                  | mutation]
 19402 | D:15     | Gained mutation: You have hidden genetic potential. [potion
                  | of mutation]
 19666 | D:15     | Identified the +0 scale mail of Articulation {rPois rF+}
                  | (Okawaru gifted it to you on level 15 of the Dungeon)
 19666 | D:15     | Received a gift from Okawaru
 19795 | D:15     | Found a staircase to the Depths.
 19826 | D:15     | Found a runed translucent door.
 19828 | D:15     | Noticed a storm dragon
 19831 | D:15     | Noticed a sphinx
 19844 | D:15     | Killed a sphinx
 19858 | D:15     | Killed a storm dragon
 20496 | Spider:1 | Entered Level 1 of the Spider Nest
 20600 | Spider:1 | Reached skill level 17 in Axes
 21524 | Spider:2 | HP: 7/151 [poisoned by a redback]
 21525 | Spider:2 | Incinerated by a sun moth

Illustrated notes

Levels and vault maps discovered:
D:1:      dpeg_arrival_concentric_ovals, layout_basic, minmay_circled_x
D:2:      minmay_spotlight, layout_loops_corners, uniq_sigmund
D:3:      layout_rooms, gammafunk_temple_overflow_forgotten,
          nicolae_overflow_hidden_temple
D:4:      layout_cave_pools, serial_undead, serial_undead_c, serial_undead_d,
          serial_undead_c, serial_undead_b, serial_undead_f, serial_undead_f,
          serial_undead_b, serial_undead_d
D:5:      layout_basic, mainiacjoe_overflow_swirl
D:6:      layout_rooms
D:7:      layout_basic, amcnicky_altar_gilded,
          minmay_temple_entry_drinking_statues, chequers_big_river, uniq_maggie,
          uniq_crazy_yiuf_cottage
D:8:      layout_rooms, hangedman_ru_absence, lair_entry_dummy, uniq_maurice
D:9:      layout_basic, regret_index_temple_of_mockery
D:10:     layout_loops_ring, orc_david_3, serial_shops, nicolae_shop_stone,
          kennysheep_dice
D:11:     layout_gridville
D:12:     gammafunk_boulding_lane, layout_irregular_city, hangedman_misty_isle
D:13:     layout_loops_ring
D:14:     layout_basic, grunt_vaults_entry_tiered,
          nicolae_concentric_dashed_squares_wild
D:15:     grunt_enter_depths_magical_seal, layout_stronghold,
          minmay_misc_feat_iff, kennysheep_treasure_room
Temple:   hellmonk_temple_two_chambers
Lair:1:   layout_regular_city, minmay_holes, uniq_gastronok
Lair:2:   layout_cave_pods, lemuel_old_faithful
Lair:3:   layout_cave_shapes, nicolae_swamp_entry_splash_gauntlet,
          spider_nest_entry_webs, hibernation_bobbens, lemuel_fruit_tree,
          grunt_megastairs_2, infiniplex_staircase_pool, uniq_amaemon,
          uniq_sonja
Lair:4:   layout_gridlike, slime_entry_1
Lair:5:   cheibrodos_lair_end_hotspot, layout_cave_shapes, lemuel_centaur_altar
Spider:1: layout_cave_pods
Spider:2: layout_spider_delve
Orc:1:    layout_caves, roderic_batcave, uniq_fannar
Orc:2:    st_orc_open, layout_caves

Skill      XL: |  1  2  3  4  5  6  7  8  9 10 11 12 13 14 15 16 |
---------------+-------------------------------------------------+-----
Dodging        | 1 2 3 4 5 7 8 9 10 12 13 14 | 14.3
Fighting       | 4 5 6 7 8 9 11 12 13 15 16 | 16.0
Armour         | 4 5 6 7 8 9 11 12 13 15 | 15.9
Shields        | 4 5 6 7 8 9 11 12 13 15 | 15.9
Axes           | 3 4 5 6 8 9 11 12 13 15 16 17 | 17.2

Action                     |  1- 3 |  4- 6 |  7- 9 | 10-12 | 13-15 | 16-18 || total
---------------------------+-------+-------+-------+-------+-------+-------++-------
  Melee: War axe           |    84 |    87 |   297 |   566 |   652 |   355 ||  2041
         Headbutt          |    13 |    15 |    47 |   134 |   148 |    91 ||   448
 Invoke: Heroism           |       |       |       |       |     4 |     2 ||     6
    Use: Scroll            |     8 |     6 |     5 |    13 |     4 |     3 ||    39
         Potion            |       |     2 |     2 |     1 |     5 |     3 ||    13
   Stab: Invisible         |       |     3 |     1 |       |       |       ||     4
 Armour: Scale mail        |    35 |    57 |    79 |       |    78 |       ||   249
         Chain mail        |       |       |    85 |   460 |   445 |   245 ||  1235
  Dodge: Dodged            |    49 |    49 |   148 |   242 |   453 |   191 ||  1132
  Block: Buckler           |    21 |    24 |    72 |   161 |   299 |   156 ||   733

Table legend: (Time is in decaauts)
 A = Elapsed time spent in this place.
 B = Non-inter-level travel time spent in this place.
 C = Inter-level travel time spent in this place.
 D = Time resting spent in this place.
 E = Time spent auto-exploring this place.
 F = Levels seen in this place.
 G = Mean time per level.
                   A        B        C        D        E       F      G
               +--------+--------+--------+--------+--------+-----+--------+
         Total |  21613 |  20374 |   1239 |   1055 |  14874 |  25 |  864.5 |
       Dungeon |  14232 |  13411 |    821 |    527 |   9903 |  15 |  948.8 |
        Temple |     30 |     21 |      9 |      0 |      7 |   1 |   30.0 |
          Lair |   5122 |   4813 |    309 |    527 |   3394 |   5 | 1024.4 |
   Spider Nest |   1010 |    986 |     24 |      0 |    761 |   2 |  505.0 |
  Orcish Mines |   1218 |   1144 |     74 |      0 |    807 |   2 |  609.0 |
               +--------+--------+--------+--------+--------+-----+--------+

Top non-repeatable levels by time:
  Lair:5: 1487 daAuts
    D:10: 1284 daAuts
     D:6: 1216 daAuts
     D:7: 1133 daAuts
    D:12: 1124 daAuts
     D:9: 1120 daAuts
     D:2: 1054 daAuts
  Lair:4: 1053 daAuts
  Lair:3: 985 daAuts
    D:14: 972 daAuts
Spider:1: 957 daAuts
    D:13: 934 daAuts
    D:15: 929 daAuts
    D:11: 907 daAuts
     D:5: 906 daAuts
